BR (22 & UNDER)
LOGAN SWANS @ CLEARWATER CRAB PEOPLE
07/24/2030
 
TOP OF THE 1ST
Logan Swans batting - Pitching for Clearwater Crab People : RHP David Miller
Pitching: RHP David Miller
Batting: RHB Jesús García 0-0: Ball
1-0: Swinging Strike
1-1: Ball
2-1: Foul Ball, location: 2F
2-2: Ground out 6-3 (Groundball, 6)
Batting: RHB Carlos Escobar 0-0: Ball
1-0: Ball
2-0: Ball
3-0: Called Strike
3-1: Foul Ball, location: 2F
3-2: Strikes out swinging
Batting: RHB Víctor Cuevas 0-0: Ball
1-0: Fly out, F6 (Line Drive, 6)
Top of the 1st over - 0 runs, 0 hits, 0 errors, 0 left on base; Logan 0 - Clearwater 0
BOTTOM OF THE 1ST
Clearwater Crab People batting - Pitching for Logan Swans : LHP Bezzi Kisito
Pitching: LHP Bezzi Kisito
Batting: RHB Gerald Hayes 0-0: Foul Ball, location: 2F
0-1: Foul Ball, location: 2F
0-2: Fly out, F3 (Popup, 3S)
Batting: RHB Derrek Lane 0-0: Ball
1-0: Called Strike
1-1: SINGLE (Flyball, 89S)
Batting: RHB Lee Kitchener 0-0: Called Strike
0-1: Swinging Strike
0-2: Ball
1-2: Grounds into double play, 4-6-3 (Groundball, 34)
Bottom of the 1st over - 0 runs, 1 hit, 0 errors, 0 left on base; Logan 0 - Clearwater 0
TOP OF THE 2ND
Logan Swans batting - Pitching for Clearwater Crab People : RHP David Miller
Batting: SHB Hang-ki Leong 0-0: Foul Ball, location: 2F
0-1: Foul Ball, location: 2F
0-2: Foul Ball, location: 2F
0-2: Ground out 4-3 (Groundball, 34)
Batting: RHB Bill Marsh 0-0: Called Strike
0-1: Ball
1-1: Swinging Strike
1-2: Foul Ball, location: 2F
1-2: Ground out 6-3 (Groundball, 6M)
Batting: RHB José Ayala 0-0: Foul Ball, location: 2F
0-1: Called Strike
0-2: Strikes out looking
Top of the 2nd over - 0 runs, 0 hits, 0 errors, 0 left on base; Logan 0 - Clearwater 0
BOTTOM OF THE 2ND
Clearwater Crab People batting - Pitching for Logan Swans : LHP Bezzi Kisito
Batting: RHB Artie Mills 0-0: Ball
1-0: SINGLE (Line Drive, 34D)
Batting: LHB Carl Coffman 0-0: Ball
1-0: Called Strike
1-1: Ball
2-1: Foul Ball, location: 2F
2-2: Ball
3-2: Base on Balls
Artie Mills to second
Batting: RHB Garry Taylor 0-0: Ball
1-0: Ball
2-0: Foul Ball, location: 2F
2-1: Fly out, F4 (Line Drive, 4)
Batting: RHB Brandon Davis 0-0: Called Strike
0-1: Ball
1-1: Called Strike
1-2: Foul Ball, location: 2F
1-2: Ball
2-2: Strikes out swinging
Batting: RHB Juan Carlos Cruz 0-0: Ball
Wild Pitch!
Artie Mills to third
Carl Coffman to second
1-0: Foul Ball, location: 2F
1-1: Foul Ball, location: 2F
1-2: Strikes out swinging
Bottom of the 2nd over - 0 runs, 1 hit, 0 errors, 2 left on base; Logan 0 - Clearwater 0
TOP OF THE 3RD
Logan Swans batting - Pitching for Clearwater Crab People : RHP David Miller
Batting: RHB Amando Ursulo 0-0: Foul Ball, location: 2F
0-1: Ball
1-1: Ground out 4-3 (Groundball, 4)
Batting: RHB Jesús Farías 0-0: SINGLE (Groundball, 4MD)
Batting: RHB Sergio Mora 0-0: Fielders Choice at 2nd, 4-6 (Groundball, 4)
Batting: RHB Jesús García 0-0: Ball
Sergio Mora is caught stealing 2nd base
Top of the 3rd over - 0 runs, 1 hit, 0 errors, 0 left on base; Logan 0 - Clearwater 0
BOTTOM OF THE 3RD
Clearwater Crab People batting - Pitching for Logan Swans : LHP Bezzi Kisito
Batting: RHB Bud Manning 0-0: Fly out, F7 (Line Drive, 7LM)
Batting: RHB Gerald Hayes 0-0: Called Strike
0-1: Foul Ball, location: 2F
0-2: Foul Ball, location: 2F
0-2: SINGLE (Flyball, 7LS)
Batting: RHB Derrek Lane 0-0: Foul Ball, location: 2F
0-1: Ball
1-1: Ball
2-1: Foul Ball, location: 2F
2-2: Ground out 6-3 (Groundball, 6)
Gerald Hayes to second
Batting: RHB Lee Kitchener 0-0: Ball
1-0: Foul Ball, location: 2F
1-1: Ball
2-1: Ball
3-1: Ground out 5-3 (Groundball, 56S)
Bottom of the 3rd over - 0 runs, 1 hit, 0 errors, 1 left on base; Logan 0 - Clearwater 0
TOP OF THE 4TH
Logan Swans batting - Pitching for Clearwater Crab People : RHP David Miller
Batting: RHB Jesús García 0-0: Ball
1-0: Foul Ball, location: 2F
1-1: SINGLE (Line Drive, 7S)
Batting: RHB Carlos Escobar 0-0: Ball
1-0: Ball
2-0: Called Strike
2-1: Ball
3-1: Base on Balls
Jesús García to second
Batting: RHB Víctor Cuevas 0-0: Ball
1-0: Called Strike
1-1: Swinging Strike
1-2: Ball
2-2: Ball
3-2: Grounds into double play, 6-4-3 (Groundball, 6)
Jesús García to third
Batting: SHB Hang-ki Leong 0-0: Ball
1-0: Foul Ball, location: 2F
1-1: Called Strike
1-2: Strikes out looking
Top of the 4th over - 0 runs, 1 hit, 0 errors, 1 left on base; Logan 0 - Clearwater 0
BOTTOM OF THE 4TH
Clearwater Crab People batting - Pitching for Logan Swans : LHP Bezzi Kisito
Batting: RHB Artie Mills 0-0: Called Strike
0-1: Foul Ball, location: 2F
0-2: Ground out 6-3 (Groundball, 6)
Batting: LHB Carl Coffman 0-0: Ball
1-0: Ground out U3 (Groundball, 34S)
Batting: RHB Garry Taylor 0-0: Ball
1-0: Ball
2-0: Ball
3-0: Called Strike
3-1: Base on Balls
Batting: RHB Brandon Davis 0-0: Called Strike
0-1: Foul Ball, location: 2F
0-2: Ball
1-2: Ball
2-2: Ball
3-2: Ground out U3 (Groundball, 3L)
Bottom of the 4th over - 0 runs, 0 hits, 0 errors, 1 left on base; Logan 0 - Clearwater 0
TOP OF THE 5TH
Logan Swans batting - Pitching for Clearwater Crab People : RHP David Miller
Batting: RHB Bill Marsh 0-0: SINGLE (Line Drive, 7LS)
Batting: RHB José Ayala 0-0: Ball
Throwing error on steal attempt, E2
Bill Marsh to third
Balk!
Bill Marsh scores
1-0: Foul Ball, location: 2F
1-1: Ball
2-1: Called Strike
2-2: Fly out, F6 (Popup, P)
Batting: RHB Amando Ursulo 0-0: Ball
1-0: Ball
2-0: Ball
3-0: Called Strike
3-1: SINGLE (Groundball, 6D)
Batting: RHB Jesús Farías 0-0: Foul Ball, location: 2F
0-1: Foul Ball, location: 2F
0-2: Ball
1-2: Fielders Choice at 2nd, 6-4 (Groundball, 6)
Batting: RHB Sergio Mora 0-0: Called Strike
Jesús Farías steals 2nd base
0-1: Called Strike
0-2: Ground out 3-1 (Groundball, 34)
Top of the 5th over - 1 run, 2 hits, 1 error, 1 left on base; Logan 1 - Clearwater 0
BOTTOM OF THE 5TH
Clearwater Crab People batting - Pitching for Logan Swans : LHP Bezzi Kisito
Batting: RHB Juan Carlos Cruz 0-0: Ball
1-0: Called Strike
1-1: Fly out, F9 (Flyball, 9S)
Batting: RHB Bud Manning 0-0: Ball
1-0: Ball
2-0: Swinging Strike
2-1: Foul Ball, location: 2F
2-2: Strikes out swinging
Batting: RHB Gerald Hayes 0-0: Foul Ball, location: 2F
0-1: Ball
1-1: Swinging Strike
1-2: Strikes out swinging
Bottom of the 5th over - 0 runs, 0 hits, 0 errors, 0 left on base; Logan 1 - Clearwater 0
TOP OF THE 6TH
Logan Swans batting - Pitching for Clearwater Crab People : RHP David Miller
Batting: RHB Jesús García 0-0: Ball
1-0: Ball
2-0: Ball
3-0: Called Strike
3-1: Swinging Strike
3-2: Strikes out swinging
Batting: RHB Carlos Escobar 0-0: Ball
1-0: Foul Ball, location: 2F
1-1: Fly out, F5 (Popup, 5SF)
Batting: RHB Víctor Cuevas 0-0: Ball
1-0: Called Strike
1-1: Foul Ball, location: 2F
1-2: Strikes out looking
Top of the 6th over - 0 runs, 0 hits, 0 errors, 0 left on base; Logan 1 - Clearwater 0
BOTTOM OF THE 6TH
Clearwater Crab People batting - Pitching for Logan Swans : LHP Bezzi Kisito
Batting: RHB Derrek Lane 0-0: Ball
1-0: Ball
2-0: Called Strike
2-1: Swinging Strike
2-2: Foul Ball, location: 2F
2-2: Strikes out looking
Batting: RHB Lee Kitchener 0-0: Ball
1-0: Ball
2-0: Called Strike
2-1: Fly out, F3 (Line Drive, 3)
Batting: RHB Artie Mills 0-0: Ball
1-0: Called Strike
1-1: Ball
2-1: Ground out 5-3 (Groundball, 56)
Bottom of the 6th over - 0 runs, 0 hits, 0 errors, 0 left on base; Logan 1 - Clearwater 0
TOP OF THE 7TH
Logan Swans batting - Pitching for Clearwater Crab People : RHP David Miller
Batting: SHB Hang-ki Leong 0-0: Fly out, F8 (Line Drive, 78M)
Batting: RHB Bill Marsh 0-0: SINGLE (Flyball, 7S)
Pinch Hitting: LHB Vicente Vega 0-0: Ball
1-0: Ball
2-0: Foul Ball, location: 2F
2-1: Called Strike
Bill Marsh is caught stealing 2nd base
2-2: Foul Ball, location: 2F
2-2: Ground out U3 (Groundball, 3L)
Top of the 7th over - 0 runs, 1 hit, 0 errors, 0 left on base; Logan 1 - Clearwater 0
BOTTOM OF THE 7TH
Clearwater Crab People batting - Pitching for Logan Swans : LHP Bezzi Kisito
Now in LF: Ricardo Manegdeg
Batting: LHB Carl Coffman 0-0: Ball
1-0: Called Strike
1-1: Ball
2-1: Ground out 5-3 (Groundball, 5)
Batting: RHB Garry Taylor 0-0: Ball
1-0: Ball
2-0: Foul Ball, location: 2F
2-1: Ball
3-1: Base on Balls
Batting: RHB Brandon Davis 0-0: Swinging Strike
0-1: Swinging Strike
0-2: Foul Ball, location: 2F
0-2: Foul Ball, location: 2F
0-2: Ball
1-2: Foul Ball, location: 2F
1-2: Strikes out swinging
Pinch Hitting: RHB Kevin Hernández 0-0: Ball
1-0: TRIPLE (Groundball, 3L)
Garry Taylor scores
Pinch Hitting: RHB Terry Davis 0-0: Ground out 4-3 (Groundball, 4D)
Bottom of the 7th over - 1 run, 1 hit, 0 errors, 1 left on base; Logan 1 - Clearwater 1
TOP OF THE 8TH
Logan Swans batting - Pitching for Clearwater Crab People : RHP David Miller
Now at 2B: Kevin Hernández
Now in LF: Pedro Villarreal
Pinch Hitting: LHB Bob Coztana 0-0: Called Strike
0-1: Swinging Strike
0-2: Foul Ball, location: 2F
0-2: Strikes out swinging
Batting: RHB Jesús Farías 0-0: Foul Ball, location: 2F
0-1: Ball
1-1: Ball
2-1: Ball
3-1: Foul Ball, location: 2F
3-2: Strikes out looking
Pinch Hitting: LHB Darrell Beard 0-0: Ground out U3 (Groundball, 34)
Top of the 8th over - 0 runs, 0 hits, 0 errors, 0 left on base; Logan 1 - Clearwater 1
BOTTOM OF THE 8TH
Clearwater Crab People batting - Pitching for Logan Swans : LHP Bezzi Kisito
Pitching: RHP Gabriel Ramos
Now at 2B: Bob Coztana
Now at SS: Darrell Beard
Pinch Hitting: LHB Ryan Martin 0-0: Ball
1-0: Ball
2-0: Called Strike
2-1: Ball
3-1: Base on Balls
Batting: RHB Derrek Lane 0-0: Ball
1-0: Ball
2-0: Fly out, F8 (Flyball, 8LS)
Pinch Hitting: LHB Ramón Martínez 0-0: Swinging Strike
0-1: Ball
1-1: Ground out U3 (Groundball, 34)
Ryan Martin to second
Batting: RHB Artie Mills 0-0: Called Strike
0-1: Called Strike
0-2: Foul Ball, location: 2F
0-2: Ground out 3-1 (Groundball, 34)
Bottom of the 8th over - 0 runs, 0 hits, 0 errors, 1 left on base; Logan 1 - Clearwater 1
TOP OF THE 9TH
Logan Swans batting - Pitching for Clearwater Crab People : RHP David Miller
Pitching: RHP Mark Curry
Now at SS: Palmer Frazier
Now in LF: Ryan Martin
Batting: RHB Jesús García 0-0: Called Strike
0-1: Ball
1-1: Foul Ball, location: 2F
1-2: Strikes out swinging
Batting: RHB Carlos Escobar 0-0: Called Strike
0-1: Swinging Strike
0-2: SOLO HOME RUN (Flyball, 9D), Distance : 393 ft
Batting: RHB Víctor Cuevas 0-0: Foul Ball, location: 2F
0-1: Fly out, F9 (Flyball, 9S)
Batting: SHB Hang-ki Leong 0-0: Ball
1-0: Called Strike
1-1: Ball
2-1: Hit by Pitch
Batting: RHB Bill Marsh 0-0: Called Strike
0-1: SINGLE (Groundball, 56D)
Hang-ki Leong to second
Batting: RHB Ricardo Manegdeg 0-0: Ball
1-0: Ground out 6-3 (Groundball, 6M)
Top of the 9th over - 1 run, 2 hits, 0 errors, 2 left on base; Logan 2 - Clearwater 1
BOTTOM OF THE 9TH
Clearwater Crab People batting - Pitching for Logan Swans : RHP Gabriel Ramos
Pitching: RHP Maurício Rodríguez
Now at C: Natsume Sato
Now at 3B: Pablo Chacón
Batting: LHB Carl Coffman 0-0: Called Strike
0-1: Ball
1-1: SINGLE (Groundball, 6D)
Batting: RHB Garry Taylor 0-0: Ball
1-0: Bunted foul
1-1: Ball
2-1: Bunted foul
2-2: Foul Ball, location: 2F
2-2: Ball
3-2: Strikes out swinging
Batting: RHB Brandon Davis 0-0: Ball
1-0: SINGLE (Line Drive, 9LM)
Carl Coffman to second
Batting: RHB Kevin Hernández 0-0: Foul Ball, location: 2F
0-1: Ball
1-1: Ball
2-1: Ball
3-1: Foul Ball, location: 2F
3-2: Strikes out swinging
Pinch Hitting: SHB Adrián Delgado 0-0: Foul Ball, location: 2F
0-1: Ball
1-1: Swinging Strike
1-2: Strikes out swinging
Bottom of the 9th over - 0 runs, 2 hits, 0 errors, 2 left on base; Logan 2 - Clearwater 1
Saturday, April 7th, 2018 - OOTP Baseball 18.8 Build 76